 Dungeon Crawl Stone Soup version 0.29-a0-350-g7790a0e70a (webtiles) character file.

Game seed: 15630594599081420792

5 HendSelp the Ducker (level 1, 0/16 HPs)
             Began as an Octopode Fighter on Apr 22, 2022.
             Slain by a jackal (2 damage)
             ... on level 1 of the Dungeon.
             The game lasted 00:00:09 (48 turns).

HendSelp the Ducker (Octopode Fighter)                Turns: 48, Time: 00:00:10

Health: 0/16       AC:  1    Str: 15    XL:     1   Next: 80%
Magic:  1/1        EV: 13    Int: 10    God:
Gold:   4          SH:  4    Dex: 11    Spells: 0/0 levels left

rFire   . . .      SeeInvis .   a - +0 rapier
rCold   . . .      Faith    .   b - +0 buckler
rNeg    . . .      Spirit   .   (helmet restricted)
rPois   .          Reflect  .   (no amulet)
rElec   .          Harm     .   (no ring)
rCorr   .          Rampage  .   (no ring)
Will    .....                   (no ring)
Stlth   ++........              (no ring)
HPRegen 0.05/turn               (no ring)
MPRegen 0.07/turn               (no ring)
                                (no ring)
                                (no ring)

@: no status effects
A: almost no armour, amphibious, 8 rings, camouflage 1, gelatinous body 1,
(nimble swimmer 1), tentacles
a: no special abilities


You were on level 1 of the Dungeon.
You visited 1 branch of the dungeon, and saw 1 of its levels.

You collected 4 gold pieces.

Inventory:

Hand Weapons
 a - a +0 rapier (weapon)
Armour
 b - a +0 buckler (worn)
Scrolls
 d - a scroll of amnesia {unknown}
Potions
 c - a potion of might


   Skills:
 * Level 3.1 Fighting
 * Level 2.0 Short Blades
 * Level 3.1 Dodging
 * Level 3.1 Shields


You couldn't memorise any spells.
You didn't know any spells.
Your spell library was empty.

Dungeon Overview and Level Annotations

Branches:
Dungeon (1/15)

Altars:


Innate Abilities, Weirdness & Mutations

You cannot wear most types of armour.
You are amphibious.
You can wear up to eight rings at the same time.
Your skin changes colour to match your surroundings (Stealth+).
Your rubbery body absorbs attacks. (AC +1, EV +1)
((You are camouflaged when in or above water. (Stealth+)))
You have tentacles for arms and can constrict up to eight enemies at once.


Message History

The jackal closely misses you.
You hit the jackal. You grab the jackal.
The jackal is moderately wounded.
You constrict the jackal, but do no damage.
The jackal closely misses you. The jackal bites you.
You hit the jackal.
The jackal is almost dead.
You constrict the jackal.
You kill the jackal!
The jackal barely misses you. The jackal closely misses you.
The jackal barely misses you. The jackal bites you.
You hit the jackal. You grab the jackal.
The jackal is severely wounded.
You constrict the jackal, but do no damage.
The jackal bites you. x2
You barely miss the jackal.
The jackal is severely wounded.
You constrict the jackal.
You kill the jackal!
The jackal bites you. The endoplasm hits you. The rat misses you.
The jackal misses you.
You are too injured to fight recklessly!
You are too injured to fight recklessly!
You are too injured to fight recklessly!
You are too injured to fight recklessly!
You are too injured to fight recklessly!
You are too injured to fight recklessly!
You are too injured to fight recklessly!
Unknown command.
You are too injured to fight recklessly!
The jackal closely misses you. The endoplasm attacks as you move away!
The endoplasm hits you.
Unknown command.
You closely miss the jackal. Your grab misses the jackal.
The jackal barely misses you. The endoplasm freezes you.
You are frozen.
* * * LOW HITPOINT WARNING * * *
The jackal bites you.
You die...

......... ........#
........########
...............#..
..............#..
#.)........#.# ###
#..r.......#.# ...#
#.Jh####.###.#....#
#..@#.^...##.#....#
#.........##.#....#
#[..........#.#....#
....................#.
........#...............
........................
........................
........................
..........†.......


You could see an endoplasm, a jackal and a rat.

Vanquished Creatures
  A giant cockroach (D:1)
  2 jackals (D:1)
  A kobold (D:1)
4 creatures vanquished.

Notes
Turn   | Place    | Note
-------+----------+-------------------------------------------
     0 | D:1      | HendSelp the Octopode Fighter began the quest for the Orb.
     0 | D:1      | Reached XP level 1. HP: 16/16 MP: 1/1
    48 | D:1      | Slain by a jackal

Illustrated notes

Levels and vault maps discovered:
D:1:      enne_arrival_octagon_isle, layout_basic

Action                   || total
-------------------------++-------
Melee: Rapier            ||     7
       Constrict         ||     3
Dodge: Dodged            ||     9

Table legend: (Time is in decaauts)
 A = Elapsed time spent in this place.
 B = Non-inter-level travel time spent in this place.
 C = Inter-level travel time spent in this place.
 D = Time resting spent in this place.
 E = Time spent auto-exploring this place.
 F = Levels seen in this place.
 G = Mean time per level.
                   A        B        C        D        E       F      G
               +--------+--------+--------+--------+--------+-----+--------+
         Total |     48 |     48 |      0 |      0 |     28 |   1 |   48.0 |
       Dungeon |     48 |     48 |      0 |      0 |     28 |   1 |   48.0 |
               +--------+--------+--------+--------+--------+-----+--------+

Top non-repeatable levels by time:
     D:1: 48 daAuts
